 Dungeon Crawl Stone Soup version 0.29.1-4-g47bece8355 (webtiles) character file.

Game seed: 7978164795926930546

2863 GigaChad the Cleaver (level 9, -4/78 HPs)
             Began as a Minotaur Fighter on Dec 9, 2022.
             Was a Follower of the Shining One.
             Slain by a cyclops (6 damage)
             ... on level 10 of the Dungeon.
             The game lasted 00:14:50 (9464 turns).

GigaChad the Cleaver (Minotaur Fighter)             Turns: 9464, Time: 00:14:51

Health: -4/78      AC: 12    Str: 25    XL:     9   Next: 47%
Magic:  8/8        EV:  9    Int:  5    God:    the Shining One [*.....]
Gold:   603        SH:  9    Dex: 10    Spells: 8/8 levels left

rFire   . . .      SeeInvis .   a - +2 war axe
rCold   . . .      Faith    .   m - +0 kite shield
rNeg    . . .      Spirit   .   z - +3 scale mail
rPois   .          Reflect  .   (helmet restricted)
rElec   .          Harm     .   x - +0 cloak
rCorr   .          Rampage  .   (no gloves)
Will    .....                   (no boots)
Stlth   ..........              (no amulet)
HPRegen 0.23/turn               (no ring)
MPRegen 0.11/turn               (no ring)

@: glowing
A: horns 2, retaliatory headbutt
a: Renounce Religion, Divine Shield


You were on level 10 of the Dungeon.
You worshipped the Shining One.
The Shining One was aware of your devotion.
You visited 2 branches of the dungeon, and saw 11 of its levels.

You collected 603 gold pieces.

Inventory:

Hand Weapons
 a - a +2 war axe (weapon)
Missiles
 g - 14 poisoned darts
 B - 6 javelins
Armour
 b - a +0 scale mail
 c - a +0 buckler
 m - a +0 kite shield (worn)
 x - a +0 cloak (worn)
 z - a +3 scale mail (worn)
Jewellery
 r - an amulet of magic regeneration
Wands
 l - a wand of mindburst (9)
 D - a wand of paralysis (7)
Scrolls
 e - 2 scrolls of immolation
 f - 4 scrolls of amnesia
 i - 2 scrolls of enchant armour {unknown}
 n - a scroll of brand weapon {unknown}
 s - 4 scrolls of blinking
 t - a scroll of fear {unknown}
 u - 6 scrolls of identify
 A - a scroll of vulnerability {unknown}
Potions
 d - 3 potions of might
 h - a potion of berserk rage {unknown}
 j - 8 potions of curing
 k - a potion of heal wounds {unknown}
 o - 2 potions of cancellation {unknown}
 p - a potion of flight {unknown}
 q - a potion of lignification {unknown}
 v - 2 potions of brilliance {unknown}
 w - 2 potions of ambrosia {unknown}
Miscellaneous
 C - a tin of tremorstones (2/2) (quivered)


   Skills:
 + Level 6.4 Fighting
 + Level 10.8 Axes
 - Level 0.7 Throwing
 + Level 8.6 Armour
 - Level 2.9 Dodging
 - Level 1.3 Stealth
 * Level 6.3 Shields


You had 8 spell levels left.
You didn't know any spells.
Your spell library contained the following spells:

 Spells                   Type           Power      Damage    Failure   Level
 Magic Dart               Conj           0%         1d3       96%         1
 Slow                     Hex            0%         N/A       96%         1
 Searing Ray              Conj           0%         2d4       99%         2
 Sublimation of Blood     Necr           0%         N/A       99%         2
 Confusing Touch          Hex            0%         N/A       100%        3
 Conjure Flame            Conj/Fire      0%         6-21      100%        3
 Frozen Ramparts          Ice            0%         1d1       100%        3
 Ignite Poison            Fire/Tmut/Pois 0%         N/A       100%        3
 Stone Arrow              Conj/Erth      0%         3d7       100%        3
 Vampiric Draining        Necr           0%         2d6       100%        3
 Fulminant Prism          Conj/Hex       0%         3d6       100%        4
 Ice Form                 Ice/Tmut       0%         N/A       100%        4
 Petrify                  Tmut/Erth      0%         N/A       100%        4
 Sticky Flame             Conj/Fire      0%         2d3       100%        4
 Summon Ice Beast         Ice/Summ       0%         N/A       100%        4
 Irradiate                Conj/Tmut      0%         3d11      100%        5


Dungeon Overview and Level Annotations

Branches:
Dungeon (10/15)            Temple (1/1) D:4             Orc (0/2) D:9
   Lair: D:8-11

Altars:
Cheibriados
Dithmenos
Elyvilon
Gozag
Hepliaklqana
Kikubaaqudgha
Okawaru
Qazlal
Sif Muna
Wu Jian
Zin
The Shining One

Shops:
D:1 [

Annotations:
D:3 2 transporters


Innate Abilities, Weirdness & Mutations

You have a pair of horns on your head.
You reflexively headbutt those who attack you in melee.


Message History

A two-headed ogre comes into view.
It is wielding a +0 giant club and a +0 giant spiked club.
Found a hazy altar of Hepliaklqana.
The centaur shoots an arrow.
You block the arrow. The yak gores you but does no damage. The yak gores you.
You block the yak's attack.
You see here a yak corpse.
You slash the yak! Your headbutt misses the yak.
The yak is severely wounded.
You slash the yak! You hit the yak but do no damage.
The centaur shoots an arrow.
The arrow barely misses you.
The arrow hits the yak!
The centaur shoots an arrow.
You block the arrow. The yak gores you but does no damage.
The yak closely misses you. The yak gores you!
* * * LOW HITPOINT WARNING * * *
Blink to where?
Press: ? - help, Dir - move target
As you read the scroll of blinking, it crumbles to dust.
As you read the scroll of teleportation, it crumbles to dust.
You feel strangely unstable.
The centaur shoots an arrow.
The arrow hits you.
* * * LOW HITPOINT WARNING * * *
The centaur shoots an arrow.
You block the arrow.
There is an open door here.
Your surroundings suddenly seem different.
You start resting.
A cyclops comes into view.
A cyclops is nearby!
A cyclops is nearby!
A cyclops is nearby!
A cyclops is nearby!
The cyclops shouts!
The cyclops throws a large rock.
The large rock hits you!!! The Shining One protects you from harm!
The cyclops throws a large rock.
You block the large rock.
The cyclops throws a large rock.
You block the large rock.
Found a stone staircase leading up.
The cyclops throws a large rock.
The large rock hits you!!
* * * LOW HITPOINT WARNING * * *
You slash the cyclops!
The cyclops is moderately wounded.
The cyclops hits you.
You die...

#. #.
####.################
....................
#..................
#..................
#..................
#...C@.............
#..................
.<...................
############.........
#.######## #.# #.#
#.#


You could see a cyclops.

Vanquished Creatures
  A wyvern (D:7)
  2 yaks (D:10)
  A steam dragon (D:8)
  A water moccasin (D:8)
  An orc warrior (D:9)
  An ice beast (D:7)
  2 sky beasts (D:7)
  An ogre (D:4)
  A centaur (D:7)
  A kobold brigand (D:7)
  A phantom (D:6)
  2 bullfrogs
  3 wights (D:9)
  11 killer bees
  2 howler monkeys
  2 hounds (D:4)
  5 orc priests
  Terence (D:2)
  2 iguanas (D:4)
  9 orc wizards
  A mummy (D:7)
  5 adders
  An ufetubus (D:4)
  3 worms
  A dart slug (D:2)
  24 orcs
  3 ball pythons
  5 bats
  3 endoplasms
  3 giant cockroaches
  12 goblins
  8 hobgoblins
  6 jackals
  9 kobolds
  4 quokkas
  2 frilled lizards (D:1)
  3 hobgoblin zombies (D:7)
  An orc zombie (D:7)
  6 rats
150 creatures vanquished.

Vanquished Creatures (others)
  2 orcs (D:8)
2 creatures vanquished.

Grand Total: 152 creatures vanquished

Notes
Turn   | Place    | Note
-------+----------+-------------------------------------------
     0 | D:1      | GigaChad the Minotaur Fighter began the quest for the Orb.
     0 | D:1      | Reached XP level 1. HP: 19/19 MP: 0/0
   186 | D:1      | Reached XP level 2. HP: 27/27 MP: 1/1
   489 | D:1      | Found Hijiv's Antique Armour Shoppe.
   722 | D:2      | Reached skill level 3 in Axes
   722 | D:2      | Reached XP level 3. HP: 30/33 MP: 2/2
   939 | D:2      | Noticed Terence
   947 | D:2      | Killed Terence
   948 | D:2      | Reached XP level 4. HP: 34/40 MP: 3/3
   951 | D:2      | Reached skill level 1 in Dodging
   977 | D:2      | Reached skill level 4 in Axes
  1740 | D:2      | Got the Octavo of Bewitching Blasts
  2267 | D:3      | Found a glowing silver altar of Zin.
  2267 | D:3      | Found a white marble altar of Elyvilon.
  2267 | D:3      | Found a glowing golden altar of the Shining One.
  2275 | D:3      | Became a worshipper of the Shining One
  2418 | D:3      | Found a transporter.
  2475 | D:3      | Found a transporter.
  2603 | D:3      | Found an ancient bone altar of Kikubaaqudgha.
  2740 | D:3      | Reached XP level 5. HP: 45/46 MP: 4/4
  3103 | D:4      | Reached skill level 5 in Axes
  3165 | D:4      | Noticed an ogre
  3171 | D:4      | Killed an ogre
  3172 | D:4      | Reached skill level 5 in Armour
  3172 | D:4      | Reached XP level 6. HP: 53/53 MP: 5/5
  3304 | D:4      | Reached skill level 6 in Axes
  3467 | D:4      | Found a staircase to the Ecumenical Temple.
  3483 | Temple   | Entered the Ecumenical Temple
  4155 | D:5      | Entered Level 5 of the Dungeon
  4155 | D:5      | Noticed an ice beast
  4169 | D:6      | Reached XP level 7. HP: 60/60 MP: 6/6
  4419 | D:7      | Reached skill level 7 in Axes
  4425 | D:7      | Reached skill level 5 in Fighting
  4431 | D:7      | HP: 3/61 [poisoned by a killer bee]
  4884 | D:7      | Reached skill level 1 in Stealth
  4962 | D:7      | Reached XP level 8. HP: 56/68 MP: 7/7
  4997 | D:7      | Reached skill level 8 in Axes
  5596 | D:7      | Reached * piety under the Shining One
  5933 | D:7      | Reached skill level 9 in Axes
  6734 | D:8      | Reached skill level 5 in Shields
  7504 | D:8      | Found an opulent altar of Gozag.
  8155 | D:9      | Reached XP level 9. HP: 65/75 MP: 8/8
  8359 | D:9      | Reached skill level 10 in Axes
  8817 | D:9      | Found a staircase to the Orcish Mines.
  9387 | D:9      | You fall into a shaft and drop 1 floor!
  9387 | D:10     | Entered Level 10 of the Dungeon
  9402 | D:10     | Found a large runed translucent door.
  9402 | D:10     | Found a large runed translucent door.
  9447 | D:10     | Noticed a two-headed ogre
  9448 | D:10     | Found a hazy altar of Hepliaklqana.
  9457 | D:10     | Noticed a cyclops
  9458 | D:10     | The Shining One protects you from harm!
  9462 | D:10     | HP: 2/78 [cyclops/large rock (18)]
  9464 | D:10     | Slain by a cyclops

Illustrated notes

Levels and vault maps discovered:
D:1:      dpeg_arrival_rhombi, layout_loops_ring, serial_shops, shop,
          minmay_liquid_box
D:2:      layout_rooms, serial_co_window_serial, co_window_corner_a,
          co_window_corner_a, co_window_of_opportunity_a, co_window_paths_b,
          co_window_corner_a, co_window_paths_a, co_window_corner_a,
          co_window_corner_b, co_window_broadway_b, co_window_corner_b,
          co_window_2corner, co_window_broadway_b, co_window_unsneaky_path_b,
          co_window_4corner_b, glass_columns_b, glass_columns_c,
          glass_columns_a, glass_columns_b, uniq_terence
D:3:      gammafunk_steamed_eel, layout_loops_ring,
          dreamdust_divine_triumvirate, mainiacjoe_overflow_alcove_2
D:4:      layout_basic, minmay_temple_entry_overgrown, minmay_misc_feat_plants,
          chequers_serial_rivers_large_a
D:5:      layout_cave_pools, sigmund_edmund_badplayer
D:6:      layout_rooms, nemelex_spade_bored_becter,
          eino_small_chamber_without_monster, uniq_duvessa, uniq_edmund,
          uniq_sigmund
D:7:      layout_basic, enter_bailey_2, minmay_mini_ossuary
D:8:      layout_basic, nicolae_gozag_cash_rules_everything_around_me
D:9:      layout_loops_cross, orc_0_dummy
D:10:     layout_small_grid, jmf_multi_god_temple2, minmay_diced_spiral
Temple:   dpeg_chambers_temple

Skill      XL: |  1  2  3  4  5  6  7  8  9 |
---------------+----------------------------+-----
Fighting       | 4 5 6 |  6.4
Armour         | 4 5 6 7 8 |  8.6
Axes           | 3 4 5 6 7 9 10 | 10.8
Shields        | 4 5 6 |  6.3
Dodging        | 1 2 |  2.9
Stealth        | 1 |  1.3
Throwing       | |  0.7

Action                   |  1- 3 |  4- 6 |  7- 9 || total
-------------------------+-------+-------+-------++-------
Melee: War axe           |    64 |   129 |   169 ||   362
       Headbutt          |       |    21 |    26 ||    47
Throw: Dart              |     2 |     2 |     1 ||     5
  Use: Scroll            |       |     5 |     5 ||    10
Armor: Scale mail        |    36 |    59 |    73 ||   168
Dodge: Dodged            |    44 |    61 |    72 ||   177
Block: Buckler           |     9 |    27 |    15 ||    51
       Kite shield       |       |       |    36 ||    36
